 Dungeon Crawl Stone Soup version 0.31-a0-152-g6aa68a64a1 (webtiles) character file.

Game seed: 15925503664321781581

152 comborobin the Sneak (level 5, 0/31 HPs)
             Began as a Deep Elf Delver on June 10, 2023.
             Was an Initiate of Okawaru.
             Slain by a kobold brigand
             ... wielding a +0 short sword
              (3 damage)
             ... on level 5 of the Dungeon.
             The game lasted 00:02:26 (784 turns).

comborobin the Sneak (Deep Elf Delver)               Turns: 784, Time: 00:02:27

Health: 0/31       AC:  5    Str:  9    XL:     5   Next: 11%
Magic:  7/7        EV: 11    Int: 15    God:    Okawaru [......]
Gold:   18         SH:  6    Dex: 18    Spells: 4/4 levels left

rFire   . . .        a - +0 short sword
rCold   . . .        f - +2 buckler
rNeg    . . .        b - +0 leather armour
rPois   .            (no helmet)
rElec   .            (no cloak)
rCorr   .            (no gloves)
SInv    .            h - +1 pair of boots
Will    .....        (no amulet)
Stlth   +++          (no ring)
HPRegen 0.25/turn    (no ring)
MPRegen 0.10/turn

%: no passive effects
@: no status effects
A: no striking features
a: Renounce Religion


You were on level 5 of the Dungeon.
You worshipped Okawaru.
Okawaru was noncommittal.
You visited 1 branch of the dungeon, and saw 3 of its levels.

You collected 18 gold pieces.

Inventory:

Hand Weapons
 a - a +0 short sword (weapon)
 d - a +1 heavy spear
Armour
 b - a +0 leather armour (worn)
 f - a +2 buckler (worn)
 h - a +1 pair of boots (worn)
Wands
 g - a wand of digging (3)
Scrolls
 c - a scroll of fog
 e - a scroll of fear


   Skills:
 - Level 2.4 Fighting
 + Level 5.4 Short Blades
 - Level 2.4 Dodging
 - Level 6.0 Stealth


You had 4 spell levels left.
You didn't know any spells.
Your spell library was empty.

Dungeon Overview and Level Annotations

Branches:
Dungeon (6/15)
 Temple: D:4-7

Altars:
Dithmenos
Okawaru


Message History

You barely miss the kobold brigand.
The kobold brigand is moderately wounded.
You feel less attractive to monsters.
You hit the kobold brigand.
The kobold brigand is heavily wounded.
The kobold brigand hits you with a +0 short sword.
You hit the kobold brigand but do no damage.
The kobold brigand is heavily wounded.
The kobold brigand hits you with a +0 short sword.
* * * LOW HITPOINT WARNING * * *
You hit the kobold brigand.
The kobold brigand is heavily wounded.
The kobold brigand hits you with a +0 short sword.
* * * LOW HITPOINT WARNING * * *
You hit the kobold brigand.
The kobold brigand is severely wounded.
The kobold brigand hits you with a +0 short sword.
* * * LOW HITPOINT WARNING * * *
You barely miss the kobold brigand.
The kobold brigand is severely wounded.
You hit the kobold brigand but do no damage.
The kobold brigand is severely wounded.
You block the kobold brigand's attack.
You hit the kobold brigand.
The kobold brigand is severely wounded.
The kobold brigand barely misses you.
You closely miss the kobold brigand.
The kobold brigand is severely wounded.
The kobold brigand hits you with a +0 short sword.
* * * LOW HITPOINT WARNING * * *
You miss the kobold brigand.
The kobold brigand is severely wounded.
The kobold brigand barely misses you.
You hit the kobold brigand.
The kobold brigand is severely wounded.
The kobold brigand closely misses you.
You hit the kobold brigand but do no damage.
The kobold brigand is severely wounded.
The kobold brigand hits you with a +0 short sword.
You die...

**,* *,*******.# *,*
*,* *,** *,*#*** *.#
*,* *,* *,* *,,,.,*
*.# *,* *,* ,**
****#.* *.# *,* *,*
+**
***####.###.###**,**
*,* ,,*
*,,...........,,,,,*
*,* ,,*
*****#......#****,,*
*,* ,,* *,,*#[##
*,,* *,* ***
*,,#.#@## **,,****,*
*,..###K# *,,,,,,,,*
*#.#,#.##**,,,****,*
*** #.,...,,,,,,,*
*,* ,,**
#*##.#****,,,* *,*
*,,** #.* *,,,* *,*
,,,,* #.* *,,,****,*
,,,,* #,* *,,,,,,,,*
,,,,* *,* *,,,****,*


You could see a kobold brigand.

Vanquished Creatures
  A gnoll sergeant (D:4)
  An orc priest (D:5)
  An orc wizard (D:5)
  3 gnolls (D:4)
  An orc (D:5)
  An endoplasm (D:4)
  A ball python (D:4)
  6 kobolds
15 creatures vanquished.

Notes
Turn   | Place    | Note
-------+----------+-------------------------------------------
     0 | D:5      | comborobin the Deep Elf Delver began the quest for the Orb.
     0 | D:5      | Reached XP level 1. HP: 13/13 MP: 3/3
   114 | D:4      | Found an iron altar of Okawaru.
   134 | D:4      | Became a worshipper of Warmaster Okawaru
   139 | D:4      | Found a shadowy altar of Dithmenos.
   147 | D:4      | Noticed a gnoll sergeant
   152 | D:4      | Reached XP level 2. HP: 18/18 MP: 4/4
   158 | D:4      | Killed a gnoll sergeant
   159 | D:4      | Reached XP level 3. HP: 22/22 MP: 5/5
   159 | D:4      | Reached XP level 4. HP: 27/27 MP: 6/6
   168 | D:4      | Reached * piety under Okawaru
   222 | D:6      | Noticed a kobold brigand
   418 | D:5      | Reached skill level 5 in Short Blades
   553 | D:5      | Reached XP level 5. HP: 3/31 MP: 4/7
   784 | D:5      | Slain by a kobold brigand

Illustrated notes

Levels and vault maps discovered:
D:4:      gammafunk_cloud_chamber, layout_loops_ring,
          mainiacjoe_overflow_chevrons, mainiacjoe_overflow_large_starburst,
          serial_glass, glass_columns_a, glass_columns_a
D:5:      layout_loops_ring, ebering_ghost_reflecting_pool, minmay_hedge_maze,
          minmay_misc_feat_tiny, uniq_crazy_yiuf_cottage
D:6:      layout_rooms, old_standard_altar, minmay_temple_entry_offerings,
          kennysheep_dice

Skill      XL: |  1  2  3  4 |
---------------+-------------+-----
Short Blades   | 4 5 |  5.4
Fighting       | |  2.4
Dodging        | |  2.4
Stealth        | |  6.0

Action                     |  1- 3 |  4- 6 || total
---------------------------+-------+-------++-------
  Melee: Short sword       |    13 |    62 ||    75
         Punch             |       |     5 ||     5
 Invoke: Heroism           |       |     2 ||     2
    Use: Potion            |     2 |     2 ||     4
         Scroll            |     1 |     1 ||     2
   Stab: Sleeping          |     3 |     2 ||     5
         Invisible         |     2 |       ||     2
 Armour: Leather armour    |     2 |    18 ||    20
  Dodge: Dodged            |     1 |    32 ||    33
  Block: Buckler           |       |     2 ||     2

Table legend: (Time is in decaauts)
 A = Elapsed time spent in this place.
 B = Non-inter-level travel time spent in this place.
 C = Inter-level travel time spent in this place.
 D = Time resting spent in this place.
 E = Time spent auto-exploring this place.
 F = Levels seen in this place.
 G = Mean time per level.
                   A        B        C        D        E       F      G
               +--------+--------+--------+--------+--------+-----+--------+
         Total |    759 |    718 |     41 |    423 |     21 |   3 |  253.0 |
       Dungeon |    759 |    718 |     41 |    423 |     21 |   3 |  253.0 |
               +--------+--------+--------+--------+--------+-----+--------+

Top non-repeatable levels by time:
     D:5: 544 daAuts
     D:6: 110 daAuts
     D:4: 105 daAuts
